 Dungeon Crawl Stone Soup version 0.26-a0-658-gbdda728c12 (webtiles) character file.

Game seed: 8235372405044620406

40 flotson the Ruffian (level 3, -3/33 HPs)
             Began as an Ogre Transmuter on Oct 4, 2020.
             Slain by an ooze (5 damage)
             ... on level 1 of the Dungeon.
             The game lasted 00:03:49 (1218 turns).

flotson the Ruffian (Ogre Transmuter)               Turns: 1218, Time: 00:03:51

Health: -3/33      AC:  3    Str: 15    XL:     3   Next: 50%
Magic:  5/7        EV: 10    Int: 14    God:
Gold:   36         SH:  0    Dex:  9    Spells: 4/7 levels left

rFire    . . .     SeeInvis .   a - +0 hunting sling (curse)
rCold    . . .     Faith    .   (no shield)
rNeg     . . .     Spirit   .   f - +0 robe
rPois    .         Reflect  .   (helmet restricted)
rElec    .         Harm     .   (no cloak)
rCorr    .         Rampage  .   (gloves unavailable)
MR       .....                  (boots unavailable)
Stlth    +.........             (no amulet)
HPRegen  0.11/turn              (no ring)
MPRegen  0.10/turn              (no ring)

@: wereblooded
A: large, unfitting armour, tough skin 1
a: no special abilities


You were on level 1 of the Dungeon.
You visited 1 branch of the dungeon, and saw 1 of its levels.

You collected 36 gold pieces.

Inventory:

Hand Weapons
 a - a cursed +0 hunting sling (weapon)
Missiles
 b - 9 poisoned darts
 g - 4 stones (quivered)
Armour
 f - a +0 robe (worn)
Scrolls
 c - a scroll of identify {unknown}
 e - a scroll of remove curse {unknown}
Potions
 d - a potion of resistance {unknown}


   Skills:
 + Level 1.4 Fighting
 + Level 0.3 Slings
 + Level 2.1 Dodging
 + Level 3.1 Unarmed Combat
 + Level 2.7 Spellcasting
 + Level 2.4 Transmutations


You had 4 spell levels left.
You knew the following spells:

 Your Spells              Type           Power        Failure   Level
a - Beastly Appendage     Tmut           #.....       9%          1
b - Wereblood             Tmut           #.......     12%         2

Your spell library contained the following spells:

 Spells                   Type           Power        Failure   Level
 Spider Form              Tmut/Pois      #.........   38%         3
 Ice Form                 Ice/Tmut       #.......     80%         4
 Blade Hands              Tmut           #.........   92%         5


Dungeon Overview and Level Annotations

Branches:
Dungeon (1/15)

Altars:


Innate Abilities, Weirdness & Mutations

You are too large for most types of armour.
You have tough skin. (AC +1)


Message History

Aim: an ooze (moderately wounded)
You shoot a stone. The stone hits the ooze.
The ooze is heavily wounded.
The ooze hits you.
* * * LOW HITPOINT WARNING * * *
Firing (i - inventory. (/) - cycle)
g - 6 stones (quivered)
Press: ? - help, Shift-Dir - straight line, f/p - ooze
Aim: an ooze (heavily wounded)
You shoot a stone. The stone hits the ooze.
The ooze is severely wounded.
The ooze hits you.
* * * LOW HITPOINT WARNING * * *
Firing (i - inventory. (/) - cycle)
g - 5 stones (quivered)
Press: ? - help, Shift-Dir - straight line, f/p - ooze
Aim: an ooze (severely wounded)
You shoot a stone. The stone barely misses the ooze.
The stone closely misses the jackal.
The stone hits the rat.
You kill the rat!
The ooze hits you.
You die...

###.##.......#
#.##.###.###
#.##.# #.#
#J##.# #J#
#J##.# #J#
#(##.# #.#
#h##.# #.#
#J##.# #.#
#@##.# #.#
#.##.###.#
#.##.##..#
#.##.##.##
#.##.#..#
#.####.##
#......#
########


You could see 3 oozes and a jackal.

Vanquished Creatures
  An ooze (D:1)
  A worm (D:1)
  A dart slug (D:1)
  2 giant cockroaches (D:1)
  6 goblins (D:1)
  2 hobgoblins (D:1)
  5 jackals (D:1)
  A kobold (D:1)
  3 bats (D:1)
  7 rats (D:1)
29 creatures vanquished.

Notes
Turn   | Place    | Note
-------+----------+-------------------------------------------
     0 | D:1      | flotson the Ogre Transmuter began the quest for the Orb.
     0 | D:1      | Reached XP level 1. HP: 19/19 MP: 3/3
     1 | D:1      | Found a runed translucent door.
   390 | D:1      | Reached XP level 2. HP: 27/27 MP: 3/5
   467 | D:1      | Learned a level 2 spell: Wereblood
   510 | D:1      | Reached skill level 3 in Unarmed Combat
   667 | D:1      | Reached XP level 3. HP: 33/33 MP: 6/6
  1218 | D:1      | Slain by an ooze

Illustrated notes

Levels and vault maps discovered:
D:1:      dpeg_arrival_caged_fury, layout_basic

Skill      XL: |  1  2 |
---------------+-------+-----
Transmutations | 2 |  2.4
Dodging        | 2 |  2.1
Unarmed Combat | 3 |  3.1
Fighting       | |  1.4
Slings         | |  0.3
Spellcasting   | |  2.7

Action                   || total
-------------------------++-------
Melee: Unarmed           ||    61
       Kick              ||     2
       Headbutt          ||     3
       Hunting sling     ||     3
 Fire: Hunting sling     ||    34
Throw: Dart              ||    15
 Cast: Beastly Appendage ||     4
       Wereblood         ||     5
Armor: Robe              ||    40
Dodge: Dodged            ||    55

Table legend: (Time is in decaauts)
 A = Elapsed time spent in this place.
 B = Non-inter-level travel time spent in this place.
 C = Inter-level travel time spent in this place.
 D = Time resting spent in this place.
 E = Time spent auto-exploring this place.
 F = Levels seen in this place.
 G = Mean time per level.
                   A        B        C        D        E       F      G
               +--------+--------+--------+--------+--------+-----+--------+
         Total |   1222 |   1160 |     62 |    247 |    561 |   1 | 1222.0 |
       Dungeon |   1222 |   1160 |     62 |    247 |    561 |   1 | 1222.0 |
               +--------+--------+--------+--------+--------+-----+--------+

Top non-repeatable levels by time:
     D:1: 1222 daAuts
